[Event "Queens Festival Final-D 2022"]
[Site "Tornelo"]
[Date "2022.06.25"]
[Round "6.2"]
[White "Mak, Xiu Ning Charlene"]
[Black "Rozas Lazcano, Valeska"]
[Result "1/2-1/2"]
[ECO "B42"]
[WhiteElo "1573"]
[BlackElo "1551"]
[Annotator "NA RC"]
[PlyCount "143"]
[EventDate "2022.06.24"]
[EventType "tourn"]
[EventCountry "NET"]
[SourceTitle "playchess.com"]
[Source "ChessBase"]
[SourceQuality "1"]
[TimeControl "180+2"]

1. e4 c5 2. Nf3 e6 3. d4 cxd4 4. Nxd4 a6 5. Bd3 b5 6. a3 Qc7 7. O-O Be7 8. Be3 Bb7 9. Nd2 d6 10. c3 Nd7 11. Rc1 Ngf6 12. f3 Rc8 13. Bb1 Qb8 14. N2b3 Qc7 15. Qe2 Ne5 16. Nd2 O-O 17. Qf2 Nc4 18. Nxc4 Qxc4 19. Rfd1 Nd7 20. Bd3 Qc7 21. Bb1 Ne5 22. Bf4 Nc4 23. Nb3 Rfd8 24. Kh1 Qb8 25. Qc2 g6 26. Nd2 Nxd2 27. Qxd2 Rc6 28. Ba2 Rc7 29. Qe3 Rcd7 30. Rd2 Bc6 31. Rcd1 a5 32. Qf2 b4 33. cxb4 axb4 34. axb4 Qxb4 35. Rc1 Ba8 36. Rdc2 d5 37. exd5 Bxd5 38. Bxd5 Rxd5 39. g3 Bf6 40. Kg2 Qb5 41. Re1 Qb4 42. Rce2 Kg7 43. Bc7 Rc8 44. Bf4 Rcc5 45. Be3 Rb5 46. Rb1 Qb3 47. Bf4 Rd3 48. Rc2 Qd5 49. b4 Rd4 50. Be3 Rdxb4 51. Rxb4 Rxb4 52. Rd2 Qb5 53. Bf4 Rb2 54. Be3 Rxd2 55. Qxd2 Qb2 56. Qxb2 Bxb2 57. Kf2 Kf6 58. Ke2 Ke5 59. Kd3 Kd5 60. Kc2 Bg7 61. Kd3 f5 62. Bd2 e5 63. Bc1 e4+ 64. Ke2 Bd4 65. Bf4 exf3+ 66. Kxf3 Bg7 67. g4 h6 68. gxf5 gxf5 69. h3 Ke6 70. Bd2 h5 71. Bf4 Bf6 72. Bd2 1/2-1/2

[Event "Queens Festival Final-D 2022"]
[Site "Tornelo"]
[Date "2022.06.25"]
[Round "6.4"]
[White "Shriyan santosh Priyasha"]
[Black "Bakhshizada, Asnad"]
[Result "0-1"]
[ECO "E16"]
[WhiteElo "1597"]
[BlackElo "1052"]
[Annotator "NA RC"]
[PlyCount "188"]
[EventDate "2022.06.24"]
[EventType "tourn"]
[EventCountry "NET"]
[SourceTitle "playchess.com"]
[Source "ChessBase"]
[SourceQuality "1"]
[TimeControl "180+2"]

1. d4 d5 2. c4 e6 3. Nf3 Nf6 4. g3 b6 5. Bg2 Bb7 6. O-O dxc4 7. Qa4+ Nbd7 8. Qxc4 Be7 9. Nc3 O-O 10. Bf4 c5 11. Rfd1 Qc8 12. Rac1 Qe8 13. Qb3 cxd4 14. Nxd4 Bxg2 15. Kxg2 Nc5 16. Qc2 a6 17. Nf3 Rc8 18. Qb1 h6 19. h4 b5 20. b4 Nb7 21. a3 Nd8 22. Qb3 Nc6 23. Qb1 Rd8 24. Ne4 Rxd1 25. Rxd1 Nd5 26. Bd2 f5 27. Nc3 Nb6 28. a4 bxa4 29. Qa2 Bxb4 30. Nxa4 Bxd2 31. Rxd2 Nxa4 32. Qxa4 Ne7 33. Qc4 Nd5 34. Qxa6 Qe7 35. Qd3 Rc8 36. Ne5 Rc3 37. Qd4 Qf6 38. Nf3 Qxd4 39. Nxd4 Kf7 40. Nf3 Ra3 41. Rd1 Ne7 42. Rb1 Ra2 43. Ne5+ Kf6 44. Nd7+ Kf7 45. Re1 Ke8 46. Ne5 Ra5 47. Nf3 Nd5 48. e4 fxe4 49. Rxe4 Ra2 50. Rxe6+ Kd7 51. Re1 Kc6 52. Ne5+ Kd6 53. Nf7+ Kd7 54. Ne5+ Kd6 55. Nd3 Rd2 56. Nf4 Nxf4+ 57. gxf4 Rd4 58. Kg3 Ra4 59. Re3 Rb4 60. Kg4 Ra4 61. Rf3 Ra5 62. f5 Ke7 63. Kh5 Kf6 64. Kg4 Ra4+ 65. Rf4 Ra3 66. Re4 Ra1 67. Re6+ Kf7 68. Kf4 Ra4+ 69. Kg3 Ra3+ 70. Re3 Ra5 71. Kf4 Ra2 72. Kf3 Kf6 73. Kg4 Rxf2 74. Re6+ Kf7 75. Rg6 Rg2+ 76. Kh5 Ra2 77. Kg4 Ra4+ 78. Kh5 Rf4 79. Rg2 Rxf5+ 80. Kg4 Ra5 81. Kh3 Ra3+ 82. Kh2 Kf6 83. Rf2+ Kg6 84. Rf4 Ra2+ 85. Kh3 Ra3+ 86. Kg2 Rd3 87. Kf1 Ra3 88. Rc4 Kh5 89. Kg2 g5 90. hxg5 hxg5 91. Rc5 Kh4 92. Rc4+ g4 93. Kg1 Kh3 94. Rc3+ Rxc3 0-1

[Event "Queens Festival Final-D 2022"]
[Site "Tornelo"]
[Date "2022.06.25"]
[Round "6.5"]
[White "Aydogan, Arya"]
[Black "Amulya Guruprasad"]
[Result "0-1"]
[ECO "C11"]
[WhiteElo "1409"]
[BlackElo "1251"]
[Annotator "NA RC"]
[PlyCount "86"]
[EventDate "2022.06.24"]
[EventType "tourn"]
[EventCountry "NET"]
[SourceTitle "playchess.com"]
[Source "ChessBase"]
[SourceQuality "1"]
[TimeControl "180+2"]

1. e4 e6 2. d4 d5 3. Nc3 Nf6 4. e5 Nfd7 5. f4 c5 6. Nf3 Nc6 7. Be3 Be7 8. Be2 a6 9. O-O b5 10. dxc5 Nxc5 11. Nd4 Nxd4 12. Bxd4 O-O 13. Bf3 Bb7 14. Qd2 Rc8 15. Rad1 Qc7 16. Ne2 Ne4 17. Bxe4 dxe4 18. c3 Qc6 19. Qe3 Qc4 20. a3 Rcd8 21. Ng3 Qc6 22. Rfe1 f6 23. exf6 Bxf6 24. Bxf6 Rxd1 25. Rxd1 Rxf6 26. Rd4 Qc7 27. Nxe4 Rxf4 28. g3 Rxe4 29. Rxe4 Qc6 30. Qa7 Qxe4 31. Qb8+ Kf7 32. Qc7+ Kg6 33. Kf2 Qf3+ 34. Ke1 Be4 35. Qe5 Qe3+ 36. Kf1 Bd3+ 37. Kg2 Qxe5 38. h3 Qe2+ 39. Kg1 Qe3+ 40. Kg2 Be2 41. g4 Qf3+ 42. Kg1 Bf1 43. Kh2 Qg2# 0-1

[Event "Queens Festival Final-D 2022"]
[Site "Tornelo"]
[Date "2022.06.25"]
[Round "6.6"]
[White "Vujovic, Vera"]
[Black "Jiang, Tianyu"]
[Result "0-1"]
[ECO "B49"]
[WhiteElo "1353"]
[BlackElo "1502"]
[Annotator "NA RC"]
[PlyCount "84"]
[EventDate "2022.06.24"]
[EventType "tourn"]
[EventCountry "NET"]
[SourceTitle "playchess.com"]
[Source "ChessBase"]
[SourceQuality "1"]
[TimeControl "180+2"]

1. e4 c5 2. Nf3 e6 3. d4 cxd4 4. Nxd4 Nc6 5. Nc3 Qc7 6. Be3 a6 7. Be2 Nf6 8. O-O Bb4 9. Qd2 Nxe4 10. Qd3 Nf6 11. Ne4 Be7 12. Rad1 O-O 13. Kh1 d5 14. Ng3 Ne5 15. Qd2 Neg4 16. Bxg4 Nxg4 17. h3 Nxe3 18. fxe3 Qxg3 19. Rf3 Qc7 20. Qd3 e5 21. Rf2 exd4 22. Qxd4 Be6 23. c3 Bf6 24. Rxf6 gxf6 25. Rf1 Qe5 26. Qh4 Qg5 27. Qd4 f5 28. h4 Qg4 29. Rf4 Qg7 30. Qd2 Kh8 31. Rf2 Qf6 32. Rf4 Rg8 33. Qf2 Qg7 34. Rf3 Qh6 35. Rh3 f4 36. Rh2 fxe3 37. Qe2 Qf4 38. h5 h6 39. Qe1 Qf2 40. Qd1 e2 41. Qxe2 Qxe2 42. g4 Qf1# 0-1

[Event "Queens Festival Final-D 2022"]
[Site "Tornelo"]
[Date "2022.06.25"]
[Round "7.2"]
[White "Amulya Guruprasad"]
[Black "Vujovic, Vera"]
[Result "1-0"]
[ECO "B52"]
[WhiteElo "1251"]
[BlackElo "1353"]
[Annotator "NA RC"]
[PlyCount "85"]
[EventDate "2022.06.24"]
[EventType "tourn"]
[EventCountry "NET"]
[SourceTitle "playchess.com"]
[Source "ChessBase"]
[SourceQuality "1"]
[TimeControl "180+2"]

1. e4 c5 2. Nf3 d6 3. Bb5+ Bd7 4. Bxd7+ Qxd7 5. d4 cxd4 6. Nxd4 Nf6 7. Nd2 Nc6 8. Nf5 g6 9. Ng3 Bg7 10. O-O O-O 11. c3 a6 12. Kh1 b5 13. f4 Qg4 14. Qe1 Rae8 15. f5 Nd7 16. h3 Qh4 17. Nf3 Qf6 18. Bg5 Qxg5 19. Nxg5 e6 20. fxe6 fxe6 21. Rxf8+ Nxf8 22. Qd2 Bh6 23. h4 Rd8 24. Rf1 Ne5 25. Qf4 Rd7 26. Qf2 Bxg5 27. hxg5 Rf7 28. Qe2 Re7 29. Rd1 Nf7 30. c4 b4 31. Qd2 a5 32. a3 Rb7 33. axb4 Rxb4 34. Qc3 Nd7 35. Ne2 Nde5 36. b3 Nxg5 37. Rxd6 Nxe4 38. Rd8+ Kf7 39. Qxe5 Nf2+ 40. Kg1 Ng4 41. Qc7+ Kf6 42. Qf4+ Ke7 43. Qf8# 1-0

[Event "Queens Festival Final-D 2022"]
[Site "Tornelo"]
[Date "2022.06.25"]
[Round "7.3"]
[White "Bakhshizada, Asnad"]
[Black "Aydogan, Arya"]
[Result "0-1"]
[ECO "D31"]
[WhiteElo "1052"]
[BlackElo "1409"]
[Annotator "NA RC"]
[PlyCount "74"]
[EventDate "2022.06.24"]
[EventType "tourn"]
[EventCountry "NET"]
[SourceTitle "playchess.com"]
[Source "ChessBase"]
[SourceQuality "1"]
[TimeControl "180+2"]

1. d4 d5 2. c4 e6 3. Nc3 a6 4. Nf3 dxc4 5. Bg5 Be7 6. Bxe7 Nxe7 7. e3 b5 8. a4 b4 9. Na2 a5 10. Bxc4 Bb7 11. O-O Nd7 12. Nc1 O-O 13. Nd3 Rc8 14. Nde5 Nxe5 15. Nxe5 c5 16. dxc5 Rxc5 17. f4 Nd5 18. Bxd5 Rxd5 19. Qb3 Rd2 20. Nf3 Rd3 21. Qc2 Rxe3 22. Rad1 Qf6 23. Nd4 Re4 24. Ne2 Rc8 25. Qd2 Ba6 26. Rfe1 h6 27. h3 g6 28. Ng3 Rxe1+ 29. Rxe1 Rd8 30. Qe3 Qxb2 31. Qb6 Qd4+ 32. Qxd4 Rxd4 33. Rc1 Rc4 34. Rb1 Rxf4 35. Ne2 Re4 36. Ng3 Re3 37. Nf1 Ra3 0-1

[Event "Queens Festival Final-D 2022"]
[Site "Tornelo"]
[Date "2022.06.25"]
[Round "7.4"]
[White "Rajaram, Anika"]
[Black "Shriyan santosh Priyasha"]
[Result "1-0"]
[ECO "E69"]
[WhiteElo "1499"]
[BlackElo "1597"]
[Annotator "NA RC"]
[PlyCount "99"]
[EventDate "2022.06.24"]
[EventType "tourn"]
[EventCountry "NET"]
[SourceTitle "playchess.com"]
[Source "ChessBase"]
[SourceQuality "1"]
[TimeControl "180+2"]

1. d4 g6 2. c4 Bg7 3. g3 Nf6 4. Bg2 O-O 5. Nc3 d6 6. Nf3 c6 7. O-O Re8 8. e4 Nbd7 9. h3 e5 10. Re1 Nb6 11. Qd3 Qe7 12. Be3 Bd7 13. d5 cxd5 14. cxd5 Qd8 15. Rac1 Rc8 16. Nd2 h6 17. Nb5 Bxb5 18. Qxb5 Nfd7 19. Nc4 Nxc4 20. Rxc4 Rxc4 21. Qxc4 b6 22. b4 Nf6 23. Rc1 h5 24. Qc7 Qb8 25. Rc6 Rd8 26. a4 Ne8 27. Qxb8 Rxb8 28. b5 Rd8 29. Bd2 Nf6 30. Bb4 Bf8 31. Rc7 Kg7 32. Rxa7 Rc8 33. a5 bxa5 34. Bxa5 Rc1+ 35. Kh2 Rc2 36. b6 Rb2 37. b7 Nd7 38. Bc7 Rb1 39. Bf3 Kg8 40. Kg2 Bh6 41. Ra8+ Kg7 42. b8=Q Nxb8 43. Rxb8 Rc1 44. Bxd6 f6 45. Rb7+ Kg8 46. Be7 f5 47. d6 fxe4 48. Bxe4 Rd1 49. d7 Bf8 50. d8=Q 1-0

[Event "Queens Festival Final-D 2022"]
[Site "Tornelo"]
[Date "2022.06.25"]
[Round "7.6"]
[White "Shah, Riya"]
[Black "Mak, Xiu Ning Charlene"]
[Result "1-0"]
[ECO "A03"]
[WhiteElo "1559"]
[BlackElo "1573"]
[Annotator "NA RC"]
[PlyCount "71"]
[EventDate "2022.06.24"]
[EventType "tourn"]
[EventCountry "NET"]
[SourceTitle "playchess.com"]
[Source "ChessBase"]
[SourceQuality "1"]
[TimeControl "180+2"]

1. d4 Nf6 2. e3 g6 3. Bd3 Bg7 4. f4 d5 5. Nf3 O-O 6. O-O c5 7. c3 Nbd7 8. Ne5 Qc7 9. b3 Ne4 10. Bb2 f6 11. Nxd7 Bxd7 12. Bxe4 dxe4 13. dxc5 Rad8 14. b4 Kh8 15. Qc2 Bb5 16. Rd1 Bd3 17. Qf2 Rd7 18. Nd2 Rfd8 19. Nb3 e5 20. fxe5 Qxe5 21. c4 Qe6 22. Rac1 Bxc4 23. Rxd7 Rxd7 24. Nd4 Qf7 25. a3 Bd3 26. c6 bxc6 27. Rxc6 h6 28. h3 Kh7 29. Ne2 f5 30. Bxg7 Qxg7 31. Nf4 Qa1+ 32. Kh2 Rg7 33. Qh4 g5 34. Qxh6+ Kg8 35. Rc8+ Kf7 36. Qe6# 1-0

[Event "Queens Festival Final-D 2022"]
[Site "Tornelo"]
[Date "2022.06.25"]
[Round "8.3"]
[White "Shriyan santosh Priyasha"]
[Black "Rozas Lazcano, Valeska"]
[Result "0-1"]
[ECO "A43"]
[WhiteElo "1597"]
[BlackElo "1551"]
[Annotator "NA RC"]
[PlyCount "78"]
[EventDate "2022.06.24"]
[EventType "tourn"]
[EventCountry "NET"]
[SourceTitle "playchess.com"]
[Source "ChessBase"]
[SourceQuality "1"]
[TimeControl "180+2"]

1. Nf3 c5 2. d4 cxd4 3. Nxd4 e6 4. c4 a6 5. Nc3 Qc7 6. e3 Be7 7. Be2 d6 8. O-O Nf6 9. a3 Nbd7 10. b4 b6 11. Bb2 Bb7 12. Rc1 Rc8 13. Qd3 Qb8 14. Nf3 Ng4 15. Na4 f6 16. e4 O-O 17. h3 Nge5 18. Nxe5 Nxe5 19. Bxe5 dxe5 20. Nxb6 Rcd8 21. Qe3 Bxe4 22. Qxe4 Qxb6 23. c5 Qa7 24. Bc4 Kh8 25. Bxe6 Rd4 26. Qe2 Rfd8 27. Bc4 a5 28. Rfd1 axb4 29. axb4 Qb8 30. Rxd4 Rxd4 31. Rb1 Bxc5 32. Bd3 Bf8 33. Bc2 Rxb4 34. Qd3 g6 35. Rxb4 Qxb4 36. Qd8 Kg7 37. Qd7+ Be7 38. Qd3 Qe1+ 39. Kh2 Qxf2 0-1

[Event "Queens Festival Final-D 2022"]
[Site "Tornelo"]
[Date "2022.06.25"]
[Round "8.4"]
[White "Aydogan, Arya"]
[Black "Rajaram, Anika"]
[Result "0-1"]
[ECO "B50"]
[WhiteElo "1409"]
[BlackElo "1499"]
[Annotator "NA RC"]
[PlyCount "136"]
[EventDate "2022.06.24"]
[EventType "tourn"]
[EventCountry "NET"]
[SourceTitle "playchess.com"]
[Source "ChessBase"]
[SourceQuality "1"]
[TimeControl "180+2"]

1. e4 c5 2. Nf3 e6 3. c3 Nf6 4. Bd3 d6 5. Bc2 Nc6 6. a3 Be7 7. O-O O-O 8. d4 cxd4 9. cxd4 Qc7 10. Nc3 a6 11. Be3 Bd7 12. Rc1 Ng4 13. Bd2 Qd8 14. h3 Nf6 15. Be3 Rc8 16. Qd3 e5 17. Rfd1 exd4 18. Nxd4 Ne5 19. Qe2 Nc4 20. Bb1 b5 21. Bf4 Qb6 22. Nf3 Rfd8 23. Ne1 Be6 24. Nd3 h6 25. Nb4 a5 26. Nbd5 Bxd5 27. Nxd5 Nxd5 28. Rxd5 Bf6 29. Rc2 Be5 30. Bxe5 Nxe5 31. Rxc8 Rxc8 32. Qd2 Nc4 33. Qc1 Qb7 34. b3 Nb6 35. Qd2 Nxd5 36. exd5 Qc7 37. Bd3 Qc1+ 38. Qxc1 Rxc1+ 39. Kh2 Rc5 40. Be4 Rc3 41. b4 axb4 42. axb4 Rc4 43. Bf3 Rxb4 44. Kg3 Rb1 45. Be4 Ra1 46. Kf3 Rc1 47. Ke2 b4 48. Kd2 Rc4 49. Kd3 Rc5 50. Kd4 Kf8 51. f4 b3 52. g4 b2 53. f5 Rc1 54. h4 b1=Q 55. Bxb1 Rxb1 56. g5 Rb4+ 57. Kd3 Rxh4 58. gxh6 gxh6 59. Ke3 Rg4 60. Kf3 Rg8 61. Kf4 h5 62. f6 h4 63. Kf5 h3 64. Ke4 h2 65. Kf3 h1=Q+ 66. Kf2 Qh2+ 67. Ke3 Rg3+ 68. Kd4 Qh4# 0-1

[Event "Queens Festival Final-D 2022"]
[Site "Tornelo"]
[Date "2022.06.25"]
[Round "8.5"]
[White "Vujovic, Vera"]
[Black "Bakhshizada, Asnad"]
[Result "1-0"]
[ECO "C14"]
[WhiteElo "1353"]
[BlackElo "1052"]
[Annotator "NA RC"]
[PlyCount "115"]
[EventDate "2022.06.24"]
[EventType "tourn"]
[EventCountry "NET"]
[SourceTitle "playchess.com"]
[Source "ChessBase"]
[SourceQuality "1"]
[TimeControl "180+2"]

1. e4 e6 2. d4 d5 3. Nc3 Nf6 4. Bg5 Be7 5. e5 Nfd7 6. Bxe7 Qxe7 7. f4 c5 8. Nf3 Nc6 9. Bb5 cxd4 10. Nxd4 Qc5 11. Bxc6 bxc6 12. O-O O-O 13. Kh1 Bb7 14. Nb3 Qb6 15. Qg4 Qd8 16. Rf3 Qe7 17. Rg3 f6 18. Nd4 Rae8 19. Nxe6 Rf7 20. Nc7 Rc8 21. e6 Rff8 22. N7xd5 cxd5 23. exd7 Rcd8 24. Ne2 Rxd7 25. Nd4 Bc8 26. Nf5 Qe4 27. Nxg7 Kh8 28. Nh5 Re7 29. Qf3 Qe1+ 30. Qf1 Qxf1+ 31. Rxf1 Bf5 32. c3 Rb7 33. b3 Re7 34. Kg1 Re2 35. Ng7 Bg6 36. f5 Kxg7 37. fxg6 hxg6 38. h4 Rxa2 39. Rd1 Rd8 40. c4 d4 41. h5 g5 42. Rgd3 Ra3 43. b4 Rxd3 44. Rxd3 Kh6 45. g4 Kg7 46. Kg2 Kf7 47. Kf3 Ke6 48. Ke4 a6 49. Rxd4 Rh8 50. Rd1 Rc8 51. c5 Rb8 52. Rd6+ Ke7 53. Rb6 Rc8 54. Rxa6 Rb8 55. Rb6 Ra8 56. c6 Rc8 57. b5 Kd6 58. Rb7 1-0

[Event "Queens Festival Final-D 2022"]
[Site "Tornelo"]
[Date "2022.06.25"]
[Round "8.6"]
[White "Jiang, Tianyu"]
[Black "Amulya Guruprasad"]
[Result "1-0"]
[ECO "B19"]
[WhiteElo "1502"]
[BlackElo "1251"]
[Annotator "NA RC"]
[PlyCount "93"]
[EventDate "2022.06.24"]
[EventType "tourn"]
[EventCountry "NET"]
[SourceTitle "playchess.com"]
[Source "ChessBase"]
[SourceQuality "1"]
[TimeControl "180+2"]

1. Nc3 d5 2. e4 dxe4 3. Nxe4 Bf5 4. Ng3 Bg6 5. Nf3 c6 6. d4 Nf6 7. h4 h6 8. Bc4 Nbd7 9. Qe2 Nb6 10. Ne5 Nxc4 11. Nxg6 fxg6 12. Qxc4 Nd5 13. Qd3 Qd6 14. O-O O-O-O 15. Ne4 Qc7 16. Nc5 Qd6 17. c3 g5 18. Qh3+ Kb8 19. hxg5 e5 20. Ne4 Qc7 21. gxh6 exd4 22. cxd4 gxh6 23. Nc5 Rg8 24. Kh1 Bxc5 25. dxc5 Ka8 26. Be3 Qe5 27. Rab1 h5 28. Rfe1 Rdf8 29. Bh6 Qf6 30. Bxf8 Qxf8 31. Qf3 Qxc5 32. Qf7 Rb8 33. Re8 Nb6 34. Rxb8+ Kxb8 35. Qe8+ Nc8 36. Qe3 Qf5 37. Rd1 a6 38. Rd8 Qb1+ 39. Kh2 Qf5 40. Qg3+ Ka7 41. Qe3+ Nb6 42. Rd3 h4 43. Rb3 c5 44. Rc3 Qf6 45. Rxc5 Qd6+ 46. g3 hxg3+ 47. fxg3 1-0

[Event "Queens Festival Final-D 2022"]
[Site "Tornelo"]
[Date "2022.06.25"]
[Round "9.2"]
[White "Bakhshizada, Asnad"]
[Black "Jiang, Tianyu"]
[Result "0-1"]
[ECO "D44"]
[WhiteElo "1052"]
[BlackElo "1502"]
[Annotator "NA RC"]
[PlyCount "104"]
[EventDate "2022.06.24"]
[EventType "tourn"]
[EventCountry "NET"]
[SourceTitle "playchess.com"]
[Source "ChessBase"]
[SourceQuality "1"]
[TimeControl "180+2"]

1. d4 d5 2. c4 c6 3. Nc3 Nf6 4. Nf3 e6 5. Bg5 dxc4 6. e4 b5 7. e5 h6 8. Bh4 g5 9. Nxg5 hxg5 10. Bxg5 Nbd7 11. exf6 Bb7 12. a4 Bb4 13. Qf3 Qb6 14. Be3 O-O-O 15. axb5 cxb5 16. Qe2 Nxf6 17. d5 Bc5 18. dxe6 Bxe3 19. Qxe3 Rhe8 20. Qxb6 axb6 21. Be2 Rxe6 22. Rd1 Rde8 23. Kf1 b4 24. Nb5 Rxe2 25. Nd6+ Kc7 26. Nxe8+ Rxe8 27. Rc1 b5 28. f3 Kb6 29. Kf2 Nd5 30. Rhd1 Nf4 31. Kg3 Ne2+ 32. Kf2 Nxc1 33. Rxc1 Rd8 34. Kg3 Rd2 35. Rb1 c3 36. bxc3 bxc3 37. h4 c2 38. Rc1 b4 39. h5 b3 40. h6 Rd8 41. Kf2 b2 42. Rxc2 b1=Q 43. Re2 Qg6 44. Rb2+ Kc7 45. Re2 Qxh6 46. Re7+ Rd7 47. Re2 Qb6+ 48. Kg3 f5 49. Kh2 Rh7+ 50. Kg3 Qd4 51. Rc2+ Kb8 52. Ra2 Qh4# 0-1

[Event "Queens Festival Final-D 2022"]
[Site "Tornelo"]
[Date "2022.06.25"]
[Round "9.3"]
[White "Rajaram, Anika"]
[Black "Vujovic, Vera"]
[Result "0-1"]
[ECO "D43"]
[WhiteElo "1499"]
[BlackElo "1353"]
[Annotator "NA RC"]
[PlyCount "113"]
[EventDate "2022.06.24"]
[EventType "tourn"]
[EventCountry "NET"]
[SourceTitle "playchess.com"]
[Source "ChessBase"]
[SourceQuality "1"]
[TimeControl "180+2"]

1. d4 d5 2. c4 c6 3. Nf3 Nf6 4. Qb3 e6 5. Nc3 Bd6 6. g3 b6 7. Bg2 Bb7 8. O-O O-O 9. Nd2 Bc7 10. Rd1 a5 11. e4 dxc4 12. Nxc4 b5 13. Ne3 a4 14. Qc2 Na6 15. a3 Bb6 16. Ne2 Rc8 17. e5 Nd5 18. Be4 h6 19. Nc3 Qe7 20. Qe2 Rfd8 21. Nexd5 exd5 22. Bf5 Rc7 23. Bf4 Bc8 24. e6 Ra7 25. exf7+ Qxf7 26. Be6 Qxe6 27. Qxe6+ Bxe6 28. Re1 Bf7 29. Rad1 Bc7 30. Re7 Bb8 31. Rxa7 Bxa7 32. Re1 Bb8 33. Bxb8 Nxb8 34. Re7 Rd7 35. Re5 Na6 36. f4 Nc7 37. Kf2 Ne6 38. Ke3 c5 39. Nxd5 cxd4+ 40. Kd2 Nc7 41. Nb6 Rd6 42. Nc8 Rd8 43. Nb6 Nd5 44. Nxd5 Rxd5 45. Re7 Rc5 46. Rd7 Rd5 47. Rxd5 Bxd5 48. Kd3 Kf7 49. Kxd4 Bc4 50. f5 Kf6 51. g4 Be2 52. h3 Bf1 53. Kc5 Kg5 54. Kb6 Kh4 55. Kc5 Kxh3 56. g5 hxg5 57. f6 0-1

[Event "Queens Festival Final-D 2022"]
[Site "Tornelo"]
[Date "2022.06.25"]
[Round "9.4"]
[White "Rozas Lazcano, Valeska"]
[Black "Aydogan, Arya"]
[Result "0-1"]
[ECO "C50"]
[WhiteElo "1551"]
[BlackElo "1409"]
[Annotator "NA RC"]
[PlyCount "94"]
[EventDate "2022.06.24"]
[EventType "tourn"]
[EventCountry "NET"]
[SourceTitle "playchess.com"]
[Source "ChessBase"]
[SourceQuality "1"]
[TimeControl "180+2"]

1. e4 e5 2. Nf3 Nc6 3. Bc4 Bc5 4. O-O Nf6 5. d4 Bxd4 6. Nxd4 Nxd4 7. Bg5 h6 8. Bh4 d6 9. f4 Be6 10. Bxe6 Nxe6 11. fxe5 dxe5 12. Qxd8+ Rxd8 13. Bxf6 gxf6 14. Rxf6 Rd1+ 15. Rf1 Rxf1+ 16. Kxf1 Nd4 17. Na3 Ke7 18. c3 Ne6 19. Rd1 c6 20. g3 Nc5 21. Re1 f6 22. Nc4 Rd8 23. Re2 b5 24. Nd2 Rd3 25. Kf2 Rxd2 26. Rxd2 Nxe4+ 27. Ke3 Nxd2 28. Kxd2 f5 29. Ke3 h5 30. h3 c5 31. b3 Kd6 32. c4 bxc4 33. bxc4 Kc6 34. Kf3 Kb6 35. g4 hxg4+ 36. hxg4 fxg4+ 37. Kxg4 Ka5 38. Kf5 Kb4 39. Kxe5 Kxc4 40. Ke4 Kc3 41. Kd5 c4 42. Kc5 Kd3 43. a4 c3 44. Kc6 c2 45. Kb7 c1=Q 46. Kxa7 Qa3 47. Kb6 Qxa4 0-1

[Event "Queens Festival Final-D 2022"]
[Site "Tornelo"]
[Date "2022.06.25"]
[Round "9.5"]
[White "Shah, Riya"]
[Black "Shriyan santosh Priyasha"]
[Result "0-1"]
[ECO "A03"]
[WhiteElo "1559"]
[BlackElo "1597"]
[Annotator "NA RC"]
[PlyCount "94"]
[EventDate "2022.06.24"]
[EventType "tourn"]
[EventCountry "NET"]
[SourceTitle "playchess.com"]
[Source "ChessBase"]
[SourceQuality "1"]
[TimeControl "180+2"]

1. d4 d5 2. e3 Nf6 3. Bd3 g6 4. f4 Bg7 5. Nf3 O-O 6. Ne5 c5 7. c3 Nbd7 8. O-O a6 9. b3 Qc7 10. Ba3 b5 11. Qf3 Bb7 12. Nd2 Rfe8 13. Nxd7 Nxd7 14. Rac1 c4 15. bxc4 dxc4 16. Be4 Bxe4 17. Nxe4 a5 18. Nc5 Nxc5 19. Bxc5 e6 20. e4 f6 21. Rb1 Rab8 22. e5 fxe5 23. fxe5 Bxe5 24. Qh3 Bg7 25. Rbe1 e5 26. Qe3 b4 27. dxe5 Rxe5 28. Qf2 Rxc5 29. cxb4 Rf5 30. Qd2 Rxf1+ 31. Rxf1 axb4 32. Qd5+ Kh8 33. Rd1 Qb6+ 34. Kh1 c3 35. Qb3 Bf6 36. h3 Rd8 37. Rf1 Bg7 38. Qf7 Rf8 39. Qxf8+ Bxf8 40. Rxf8+ Kg7 41. Rf3 b3 42. axb3 Qxb3 43. Kh2 Qb2 44. Kg3 c2 45. Rc3 Qxc3+ 46. Kf2 c1=Q 47. g4 Q1d2+ 0-1

[Event "Queens Festival Final-D 2022"]
[Site "Tornelo"]
[Date "2022.06.25"]
[Round "10.2"]
[White "Shriyan santosh Priyasha"]
[Black "Mak, Xiu Ning Charlene"]
[Result "0-1"]
[ECO "E62"]
[WhiteElo "1597"]
[BlackElo "1573"]
[Annotator "NA RC"]
[PlyCount "160"]
[EventDate "2022.06.24"]
[EventType "tourn"]
[EventCountry "NET"]
[SourceTitle "playchess.com"]
[Source "ChessBase"]
[SourceQuality "1"]
[TimeControl "180+2"]

1. Nf3 Nf6 2. d4 g6 3. g3 Bg7 4. Bg2 d6 5. O-O O-O 6. c4 c6 7. Nc3 Qa5 8. a3 Qh5 9. Re1 Bh3 10. Bh1 Ng4 11. Bg2 Nd7 12. e4 e5 13. d5 c5 14. b4 f5 15. Qd3 fxe4 16. Nxe4 Ndf6 17. Be3 Nxe4 18. Qxe4 Nxe3 19. Rxe3 Bf5 20. Qh4 e4 21. Qxh5 gxh5 22. Ng5 Bxa1 23. Nxe4 Bd4 24. Re2 Rae8 25. bxc5 Bxc5 26. Kh1 Kg7 27. f3 Re7 28. h4 Rfe8 29. Rb2 Bxa3 30. Ra2 Bc5 31. Nxc5 dxc5 32. Rxa7 Re1+ 33. Kh2 R8e7 34. d6 Rd7 35. Ra5 b6 36. Rb5 Rxd6 37. Rb2 Red1 38. Ra2 R1d2 39. Ra7+ Kg6 40. Rb7 Bd3 41. Kh3 Bxc4 42. Rb8 Be6+ 43. g4 hxg4+ 44. fxg4 Bxg4+ 45. Kxg4 Rxg2+ 46. Kf3 Rgd2 47. Rg8+ Kf7 48. Rh8 Kg7 49. Rb8 b5 50. Rxb5 c4 51. Rg5+ Kf6 52. Rc5 R2d3+ 53. Kg4 c3 54. Rc8 Rd7 55. Rf8+ Rf7 56. Rc8 Kg7 57. Rc5 h6 58. Rc6 Rfd7 59. Rc8 R3d4+ 60. Kf5 Rxh4 61. Rxc3 Rh5+ 62. Ke6 Rf7 63. Rg3+ Rg5 64. Rd3 h5 65. Rh3 Kg6 66. Kd6 Rg4 67. Re3 h4 68. Kd5 Rg3 69. Re6+ Rf6 70. Re4 h3 71. Rh4 Kg5 72. Rh8 Rh6 73. Rg8+ Kf4 74. Rf8+ Ke3 75. Re8+ Kd3 76. Kc5 h2 77. Rd8+ Kc3 78. Kb5 h1=Q 79. Rc8+ Kb3 80. Ka5 Qd5+ 0-1

[Event "Queens Festival Final-D 2022"]
[Site "Tornelo"]
[Date "2022.06.25"]
[Round "10.3"]
[White "Aydogan, Arya"]
[Black "Shah, Riya"]
[Result "1-0"]
[ECO "C62"]
[WhiteElo "1409"]
[BlackElo "1559"]
[Annotator "NA RC"]
[PlyCount "97"]
[EventDate "2022.06.24"]
[EventType "tourn"]
[EventCountry "NET"]
[SourceTitle "playchess.com"]
[Source "ChessBase"]
[SourceQuality "1"]
[TimeControl "180+2"]

1. e4 e5 2. Nf3 Nc6 3. Nc3 Nf6 4. Bb5 d6 5. d4 exd4 6. Nxd4 Bd7 7. Bxc6 Bxc6 8. Nxc6 bxc6 9. Qf3 Qd7 10. Bg5 Be7 11. O-O-O h6 12. Bh4 O-O 13. e5 Nh7 14. Bxe7 Qxe7 15. exd6 cxd6 16. Qxc6 Rfd8 17. Rhe1 Qg5+ 18. Kb1 Rac8 19. Qd5 Qf6 20. Re3 Rb8 21. Rf3 Qe6 22. Qxe6 fxe6 23. Re3 e5 24. Red3 Rb6 25. Ne4 Rdb8 26. b3 Nf6 27. Nxf6+ gxf6 28. Rxd6 a5 29. Rxb6 Rxb6 30. Rd7 Ra6 31. Kc1 Re6 32. Ra7 f5 33. Rxa5 Kg7 34. Kd2 Kf6 35. c4 Rd6+ 36. Rd5 Ra6 37. a4 Rb6 38. Rb5 Rd6+ 39. Ke2 Rd4 40. Rb6+ Kg5 41. a5 Re4+ 42. Kf1 Rd4 43. Rb4 Kf4 44. a6 e4 45. a7 Rd8 46. Rb8 Rd1+ 47. Ke2 Rb1 48. a8=Q Rxb3 49. Rxb3 1-0

[Event "Queens Festival Final-D 2022"]
[Site "Tornelo"]
[Date "2022.06.25"]
[Round "10.4"]
[White "Vujovic, Vera"]
[Black "Rozas Lazcano, Valeska"]
[Result "*"]
[ECO "A00"]
[WhiteElo "1353"]
[BlackElo "1551"]
[Annotator "NA RC"]
[PlyCount "20"]
[EventDate "2022.06.24"]
[EventType "tourn"]
[EventCountry "NET"]
[SourceTitle "playchess.com"]
[Source "ChessBase"]
[SourceQuality "1"]
[TimeControl "180+2"]

1. Nc3 b5 2. f3 d6 3. Nxb5 Nf6 4. Kf2 a5 5. f4 Nc6 6. Ke3 g5 7. h4 g4 8. h5 Ra7 9. Nf3 Ne5 10. c4 Nxf3 *